 Dungeon Crawl Stone Soup version 0.26-a0-664-gc8b27b8fc1 (webtiles) character file.

Game seed: 6352054785417138234

211 Banto the Cudgeler (level 6, -1/44 HPs)
             Began as a Human Gladiator on Oct 13, 2020.
             Was an Initiate of Okawaru.
             Slain by a wight
             ... wielding a +4 halberd
              (3 damage)
             ... on level 2 of the Dungeon.
             The game lasted 00:03:20 (2537 turns).

Banto the Cudgeler (Human Gladiator)                Turns: 2537, Time: 00:03:21

Health: -1/44      AC:  5    Str: 14    XL:     6   Next: 13%
Magic:  6/6        EV: 12    Int:  9    God:    Okawaru [......]
Gold:   120        SH:  0    Dex: 16    Spells: 4/5 levels left

rFire    + . .     SeeInvis .   a - +0 flail
rCold    . . .     Faith    .   (no shield)
rNeg     . . .     Spirit   .   b - +0 leather armour
rPois    .         Reflect  .   c - +0 helmet
rElec    .         Harm     .   h - +0 cloak
rCorr    .         Rampage  .   (no gloves)
MR       +....                  (no boots)
Stlth    +.........             (no amulet)
HPRegen  0.14/turn              i - ring of protection from magic
MPRegen  0.10/turn              l - ring of protection from fire

@: drained
A: no striking features
a: Renounce Religion


You were on level 2 of the Dungeon.
You worshipped Okawaru.
Okawaru was noncommittal.
You visited 1 branch of the dungeon, and saw 3 of its levels.

You collected 120 gold pieces.

Inventory:

Hand Weapons
 a - a +0 flail (weapon)
Missiles
 d - 3 throwing nets
 g - 4 javelins (quivered)
Armour
 b - a +0 leather armour (worn)
 c - a +0 helmet (worn)
 h - a +0 cloak (worn)
Jewellery
 i - a ring of protection from magic (left hand)
 l - a ring of protection from fire (right hand)
Scrolls
 f - a scroll of teleportation
 p - a scroll of immolation
Potions
 e - a potion of invisibility
 j - a potion of curing
 k - 2 potions of flight
 m - a potion of might
 n - a potion of cancellation
 o - a potion of brilliance
 q - a potion of ambrosia


   Skills:
 - Level 2.0(1.0) Fighting
 + Level 5.4(4.3) Maces & Flails
 - Level 2.0(1.0) Throwing
 - Level 3.0(1.9) Dodging
 + Level 3.0(1.9) Necromancy


You had 4 spell levels left.
You knew the following spells:

 Your Spells              Type           Power        Failure   Level
a - Animate Skeleton      Necr           #.....       24%         1

Your spell library contained the following spells:

 Spells                   Type           Power        Failure   Level
 Apportation              Tloc           #.....       45%         1
 Corona                   Hex            #......      45%         1
 Summon Small Mammal      Summ           #...         45%         1
 Ensorcelled Hibernation  Hex/Ice        #.....       61%         2
 Confusing Touch          Hex            #.......     83%         3
 Dazzling Flash           Conj/Hex       #.....       83%         3
 Tukima's Dance           Hex            #.......     83%         3


Dungeon Overview and Level Annotations

Branches:
Dungeon (3/15)

Altars:
Okawaru


Message History

You closely miss the wight. The wight closely misses you.
You closely miss the wight. The wight hits you with a +4 halberd.
You hit the wight but do no damage. The wight barely misses you.
You hit the wight.
The wight is moderately damaged.
The wight hits you with a +4 halberd.
You take 3 damage, and have 25/44 hp.
You barely miss the wight.
The wight is moderately damaged.
The wight closely misses you.
You barely miss the wight.
The wight is moderately damaged.
The wight hits you with a +4 halberd!
You take 11 damage, and have 14/44 hp.
MASSIVE DAMAGE!!
You closely miss the wight.
The wight is moderately damaged.
The wight hits you with a +4 halberd!
* * * LOW HITPOINT WARNING * * *
You feel drained.
You die...

...[..........#
..............#
...##..(......#
..............#
.......#..##########
.........).........#
......###..........#
......####.........#
......(<....(..z@..#
......#####.....[รท.#
....### #..#.#####
#.###### #....#
.......#####...#####
##.<....##.........#
####..............#
####...........#
###.........#


You could see a wight.

Vanquished Creatures
  A wight (D:2)
  An orc priest (D:3)
  5 adders
  A shadow imp (D:3)
  A white imp (D:3)
  An ooze (D:2)
  2 worms (D:1)
  3 dart slugs
  2 leopard geckos (D:2)
  7 orcs (D:3)
  A giant cockroach (D:1)
  4 goblins
  2 hobgoblins (D:2)
  4 jackals (D:3)
  A quokka (D:2)
  A ball python (D:1)
  5 bats
  A frilled lizard (D:3)
  10 kobolds
  4 rats
57 creatures vanquished.

Vanquished Creatures (collateral kills)
  A leopard gecko (D:3)
  An orc (D:3)
2 creatures vanquished.

Grand Total: 59 creatures vanquished

Notes
Turn   | Place    | Note
-------+----------+-------------------------------------------
     0 | D:1      | Banto the Human Gladiator began the quest for the Orb.
     0 | D:1      | Reached XP level 1. HP: 16/16 MP: 1/1
   259 | D:1      | Reached XP level 2. HP: 20/22 MP: 2/2
   529 | D:2      | Reached skill level 4 in Maces & Flails
   529 | D:2      | Reached XP level 3. HP: 18/27 MP: 3/3
   803 | D:2      | Learned a level 1 spell: Animate Skeleton
  1017 | D:2      | Found an iron altar of Okawaru.
  1057 | D:2      | Became a worshipper of Warmaster Okawaru
  1448 | D:3      | Reached skill level 1 in Necromancy
  1448 | D:3      | Reached XP level 4. HP: 33/33 MP: 4/4
  1571 | D:3      | Reached XP level 5. HP: 25/38 MP: 5/5
  1794 | D:3      | Reached skill level 5 in Maces & Flails
  2204 | D:2      | Reached XP level 6. HP: 43/44 MP: 6/6
  2537 | D:2      | HP: 2/44 [wight/+4 halberd (12)]
  2537 | D:2      | Slain by a wight

Illustrated notes

Levels and vault maps discovered:
D:1:      scummos_arrival_hexagon, layout_rooms
D:2:      layout_rooms, okawaru_metal_pillars_3
D:3:      layout_rooms

Skill      XL: |  1  2  3  4  5  6 |
---------------+-------------------+-----
Maces & Flails | 4 5 |  5.4
Necromancy     | 1 2 3 |  3.0
Fighting       | |  2.0
Throwing       | |  2.0
Dodging        | |  3.0

Action                   |  1- 3 |  4- 6 || total
-------------------------+-------+-------++-------
Melee: Flail             |    82 |   142 ||   224
 Cast: Animate Skeleton  |     2 |     3 ||     5
  Use: Scroll            |     4 |     6 ||    10
       Potion            |       |     1 ||     1
Armor: Leather armour    |    26 |    44 ||    70
Dodge: Dodged            |    66 |    96 ||   162

Table legend: (Time is in decaauts)
 A = Elapsed time spent in this place.
 B = Non-inter-level travel time spent in this place.
 C = Inter-level travel time spent in this place.
 D = Time resting spent in this place.
 E = Time spent auto-exploring this place.
 F = Levels seen in this place.
 G = Mean time per level.
                   A        B        C        D        E       F      G
               +--------+--------+--------+--------+--------+-----+--------+
         Total |   2582 |   2500 |     82 |    690 |   1209 |   3 |  860.7 |
       Dungeon |   2582 |   2500 |     82 |    690 |   1209 |   3 |  860.7 |
               +--------+--------+--------+--------+--------+-----+--------+

Top non-repeatable levels by time:
     D:2: 1291 daAuts
     D:1: 703 daAuts
     D:3: 587 daAuts

Table legend:
 A = Kills in this place as a percentage of kills in entire the game.
 B = Kills by you in this place as a percentage of kills by you in the entire game.
 C = Kills by friends in this place as a percentage of kills by friends in the entire game.
 D = Other kills in this place as a percentage of other kills in the entire game.
 E = Experience gained in this place as a percentage of experience gained in the entire game.
 F = Experience gained in this place divided by the number of levels of this place that you have seen.
                   A       B       C       D       E      F
               +-------+-------+-------+-------+-------+----------------------
         Total | 100.0 | 100.0 | 100.0 |   N/A | 100.0 | 100.7
       Dungeon | 100.0 | 100.0 | 100.0 |   N/A | 100.0 | 100.7
               +-------+-------+-------+-------+-------+----------------------
